 Dungeon Crawl Stone Soup version 0.30.1-5-ged363bc7ee (webtiles) character file.

Game seed: 6204334688855953150

61 Amplified the Vexing (level 3, 0/27 HPs)
             Began as a Demonspawn Hexslinger on Sept 19, 2023.
             Slain by an adder (3 damage)
             ... on level 2 of the Dungeon.
             The game lasted 00:02:39 (843 turns).

Amplified the Vexing (Demonspawn Hexslinger)         Turns: 843, Time: 00:02:40

Health: 0/27       AC:  3    Str: 10    XL:     3   Next: 83%
Magic:  5/5        EV: 12    Int: 14    God:
Gold:   16         SH:  0    Dex: 15    Spells: 4/5 levels left

rFire   . . .        a - +1 sling
rCold   . . .        (no shield)
rNeg    . . .        c - +1 robe
rPois   .            (no helmet)
rElec   .            (no cloak)
rCorr   .            (no gloves)
SInv    .            (no boots)
Will    .....        (no amulet)
Stlth   +            (no ring)
HPRegen 0.24/turn    (no ring)
MPRegen 0.09/turn

%: no passive effects
@: brilliant, lethally poisoned (0 -> -2)
A: demonic magic 1, weakness stinger 1
a: no special abilities


You were on level 2 of the Dungeon.
You visited 1 branch of the dungeon, and saw 2 of its levels.

You collected 16 gold pieces.

Inventory:

Hand Weapons
 a - a +1 sling (weapon)
 d - a +0 hand axe
 f - a +0 dagger
Missiles
 g - 2 poisoned darts
 h - 4 datura-tipped darts
Armour
 c - a +1 robe (worn)


   Skills:
 + Level 1.8 Fighting
 + Level 2.3 Ranged Weapons
 + Level 2.3 Dodging
 + Level 1.7 Spellcasting
 + Level 3.4 Hexes


You had 4 spell levels left.
You knew the following spells:

 Your Spells              Type           Power      Damage    Failure   Level
a - Slow                  Hex            64%        N/A       6%          1

Your spell library contained the following spells:

 Spells                   Type           Power      Damage    Failure   Level
 Inner Flame              Hex/Fire       9%         N/A       36%         3
 Portal Projectile        Hex/Tloc       18%        N/A       36%         3
 Cause Fear               Hex            8%         N/A       52%         4


Dungeon Overview and Level Annotations

Branches:
Dungeon (2/15)

Altars:


Innate Abilities, Weirdness & Mutations

Spells you cast may paralyse adjacent enemies.
You have a small tail.


Message History

Unknown command.
Unknown command.
Fire: a) +1 sling
Press: ? - help, Q - select action, (/) - cycle Shift-Dir - straight line, f/p - adder
Aim: an adder (lightly wounded, 38% to hit)
You shoot a sling bullet. The sling bullet misses the adder.
The adder bites you. The rat closely misses you. The adder bites you.
* * * LOW HITPOINT WARNING * * *
You are poisoned.
The adder poisons you!
Unknown command.
You aren't carrying any potions.
Unknown command.
You aren't carrying any scrolls.
Unknown command.
You aren't carrying any items that you can evoke.
Unknown command.
Okay, then.
Okay, then.
Okay, then.
You aren't carrying any potions.
Unknown command.
Fire: a) +1 sling
Press: ? - help, Q - select action, (/) - cycle Shift-Dir - straight line, f/p - adder
Aim: an adder (lightly wounded, 38% to hit)
You shoot a sling bullet. The sling bullet hits the adder.
The adder is moderately wounded.
You feel sick. The adder closely misses you. The rat closely misses you.
The adder bites you.
* * * LOW HITPOINT WARNING * * *
Unknown command.
Unknown command.
Fire: a) +1 sling
Press: ? - help, Q - select action, (/) - cycle Shift-Dir - straight line, f/p - adder
Aim: an adder (moderately wounded, 38% to hit)
You shoot a sling bullet.
The sling bullet closely misses the adder.
* * * LOW HITPOINT WARNING * * *
You feel sick. The rat bites you but does no damage. The adder bites you.
You die...

...☼ ## ..☼§ ######$
..§§§ #...... ..§§§.
#........ .§§..§
#.......###§#§§§#
##.......#@§§§§☼§#
.........#rS☼§§§##
.........§☼§§§§##
..#.....§§☼§§☼§§# .# ##
....!..☼§☼§§§§§§# .##..
.#..§§§§§§§§§§###.#..(
##§§§§☼§§☼§§☼§§......
#.§§§§§##§§§§§§§......
....########............


You could see an adder and a rat.

Vanquished Creatures
  3 adders (D:2)
  A dart slug (D:1)
  4 endoplasms
  4 goblins
  4 hobgoblins (D:1)
  A quokka (D:1)
  5 ball pythons
  A bat (D:2)
  2 frilled lizards (D:1)
  3 kobolds (D:1)
  6 rats
34 creatures vanquished.

Notes
Turn   | Place    | Note
-------+----------+-------------------------------------------
     0 | D:1      | Amplified the Demonspawn Hexslinger began the quest for the
                  | Orb.
     0 | D:1      | Reached XP level 1. HP: 15/15 MP: 2/2
   139 | D:1      | Gained mutation: Spells you cast may paralyse adjacent
                  | enemies. [demonic ancestry]
   139 | D:1      | Reached XP level 2. HP: 16/21 MP: 3/3
   766 | D:2      | Gained mutation: You have a small tail. [demonic ancestry]
   766 | D:2      | Reached XP level 3. HP: 24/26 MP: 5/5
   843 | D:2      | Slain by an adder

Illustrated notes

Levels and vault maps discovered:
D:1:      ldierk_walled_garden, layout_basic, minmay_tetromino_s2
D:2:      layout_rooms, serial_shops, nicolae_shop_real_fake_doors

Skill      XL: |  1  2 |
---------------+-------+-----
Ranged Weapons | 2 |  2.3
Dodging        | 2 |  2.3
Fighting       | |  1.8
Spellcasting   | |  1.7
Hexes          | |  3.4

Action                     || total
---------------------------++-------
   Fire: Sling             ||   119
   Cast: Slow              ||     1
    Use: Scroll            ||     7
         Potion            ||     2
 Armour: Robe              ||    13
  Dodge: Dodged            ||    58
